 Dungeon Crawl Stone Soup version 0.23-a0-667-gc184e93 (webtiles) character file.

313 Blackhawk the Covered (level 6, 0/39 HPs)
             Began as a Gargoyle Fighter on Jan 8, 2019.
             Slain by a crocodile (10 damage)
             ... in a sewer.
             The game lasted 00:04:44 (3088 turns).

Blackhawk the Covered (Gargoyle Fighter)            Turns: 3088, Time: 00:04:44

Health: 0/39       AC: 15    Str: 22    XL:     6   Next: 43%
Magic:  6/6        EV:  5    Int:  8    God:
Gold:   120        SH:  9    Dex:  9    Spells: 5/5 levels left

rFire    + . .     SeeInvis .   p - +2 dagger (venom)
rCold    . . .     Gourm    .   c - +0 shield
rNeg     + . .     Faith    .   w - +0 chain mail {rF+}
rPois    ∞         Spirit   .   (no helmet)
rElec    +         Reflect  .   (no cloak)
rCorr    .         Harm     .   m - +0 pair of gloves
MR       .....                  (no boots)
Stlth    ..........             (no amulet)
HPRegen  0.13/turn              (no ring)
MPRegen  0.10/turn              (no ring)

@: very slow
A: negative energy resistance 1, electricity resistance, unbreathing,
petrification resistance, rot immunity, AC +4
a: no special abilities


You were in a sewer.
You were not hungry.

You visited 1 branch of the dungeon, and saw 3 of its levels.
You also visited: Sewer.

You collected 120 gold pieces.

Inventory:

Hand Weapons
 a - a +0 flail
 p - a +2 dagger of venom (weapon)
Missiles
 e - 151 stones (quivered)
Armour
 b - a +0 scale mail
 c - a +0 shield (worn)
 m - a +0 pair of gloves (worn)
 w - a +0 chain mail of fire resistance (worn)
Wands
 x - a wand of flame (12)
Scrolls
 g - a scroll of immolation {unknown}
 h - 5 scrolls of identify {unknown}
 j - a scroll of amnesia {unknown}
 k - a scroll of blinking {unknown}
 o - a scroll of fear {unknown}
 r - a scroll of remove curse {unknown}
 s - a scroll of fog {unknown}
 u - a scroll of teleportation {unknown}
Potions
 d - a potion of might
 i - a potion of mutation {unknown}
 l - a potion of ambrosia {unknown}
 n - 2 potions of invisibility {unknown}
 q - 2 potions of flight {unknown}
 v - 2 potions of haste {unknown}
 z - a potion of degeneration {unknown}
Comestibles
 f - 5 rations


   Skills:
 + Level 4.7 Fighting
 + Level 3.6 Maces & Flails
 + Level 4.8 Armour
 + Level 4.7 Shields


You had 5 spell levels left.
You didn't know any spells.
Your spell library was empty.

Dungeon Overview and Level Annotations

Branches:
Dungeon (3/15)

Altars:


Innate Abilities, Weirdness & Mutations

You are resistant to torment.
Your stone body is resilient. (AC +4)
You are immune to poison.
You resist negative energy. (rN+)
You are resistant to electric shocks. (rElec)
You can survive without breathing.
You are immune to petrification.
You are immune to rotting.


Message History

You are too injured to fight recklessly!
You are too injured to fight recklessly!
You are too injured to fight recklessly!
You are too injured to fight recklessly!
You are too injured to fight recklessly!
You are too injured to fight recklessly!
You are too injured to fight recklessly!
You enter the shallow water.
Moving in this stuff is going to be slow.
The crocodile bites you!
* * * LOW HITPOINT WARNING * * *
The crocodile looks more healthy.
You hit the crocodile but do no damage.
The crocodile is poisoned.
The crocodile is heavily wounded.
The crocodile bites you but does no damage.
You enter the shallow water.
Moving in this stuff is going to be slow.
The crocodile barely misses you. The crocodile bites you!
You die...

#####....#....#
#........#.∩∩.#
#...#....#....#
#######..#..###
#####...)(..####
#≈≈≈≈≈≈≈≈)≈≈≈≈≈#
#####...≈...####
####≈#### #@#
##t## #...#
##≈..## #.....#
#.≈≈≈.##
#.≈.#...#
#≈≈###≈.## #.≈≈
#≈..#


You could see a crocodile.

Vanquished Creatures
  Sigmund (D:2)
  Terence (D:3)
  5 adders
  An ooze (D:3)
  A worm (D:3)
  2 dart slugs (D:1)
  2 leopard geckos
  4 orcs (D:3)
  3 giant cockroaches (D:2)
  10 goblins
  8 hobgoblins
  2 jackals (Sewer)
  11 kobolds
  2 quokkas
  A ball python (D:1)
  8 bats
  5 frilled lizards
  7 rats
74 creatures vanquished.

Notes
Turn   | Place    | Note
-------+----------+-------------------------------------------
     0 | D:1      | Blackhawk the Gargoyle Fighter began the quest for the Orb.
     0 | D:1      | Reached XP level 1. HP: 14/14 MP: 1/1
   172 | D:1      | Reached XP level 2. HP: 19/19 MP: 2/2
   742 | D:1      | Reached XP level 3. HP: 23/23 MP: 3/3
  1562 | D:2      | Noticed Sigmund
  1694 | D:2      | Killed Sigmund
  1694 | D:2      | Reached XP level 4. HP: 7/30 MP: 4/4
  1694 | D:2      | Reached XP level 5. HP: 8/34 MP: 5/5
  2314 | D:3      | Reached XP level 6. HP: 38/39 MP: 6/6
  2573 | D:3      | Noticed Terence
  2585 | D:3      | Killed Terence
  2994 | D:3      | Found a glowing drain.
  2999 | Sewer    | Entered a sewer
  3088 | Sewer    | Slain by a crocodile

Vault maps used:
D:1:      sevenhm_arrival_forest_fort_large_1, serial_corexii_hall,
          chequers_hall_statues_wall_a, corexii_hall_statues_x,
          chequers_hall_statues_wall_a
D:2:      minmay_misc_feat_cross, uniq_sigmund
D:3:      portal_sewer_entry_e, first_ration, uniq_terence
Sewer:    sewer_the_crocodile

Skill      XL: |  1  2  3 |
---------------+----------+-----
Fighting       | 4 |  4.7
Maces & Flails | 3 |  3.6
Armour         | 4 |  4.8
Shields        | 4 |  4.7

Action                   |  1- 3 |  4- 6 || total
-------------------------+-------+-------++-------
Melee: Flail             |   136 |       ||   136
       Dagger            |    17 |   151 ||   168
  Eat: Chunk             |     1 |     3 ||     4
       Ration            |       |     1 ||     1
Armor: Scale mail        |    99 |    38 ||   137
       Chain mail        |       |    24 ||    24
Dodge: Dodged            |    66 |    38 ||   104
Block: Shield            |    78 |    61 ||   139

Table legend:
 A = Non-vault XP
 B = Vault XP
 C = Vault XP percentage of total XP
 D = Non-vault monster count
 E = Vault monster count
 F = Vault count percentage of total count
                 A         B        C        D         E       F
            +---------+---------+-------+---------+---------+-------
      Total |     182 |     266 |  59.4 |      63 |      11 |  14.9
            +---------+---------+-------+---------+---------+-------
        D:1 |      37 |       4 |   9.8 |      20 |       4 |  16.7
        D:2 |      47 |     220 |  82.4 |      19 |       1 |   5.0
        D:3 |      98 |      32 |  24.6 |      24 |       1 |   4.0
      Sewer |       0 |      10 | 100.0 |       0 |       5 | 100.0
            +---------+---------+-------+---------+---------+-------
